 Dungeon Crawl Stone Soup version 0.18.1-8-gdd0e5ea (webtiles) character file.

23 Hipnos the Digger (level 2, -1/15 HPs)
             Began as a Gargoyle Earth Elementalist on May 28, 2016.
             Killed by nerve-wracking pain
             ... invoked by a shadow imp
             ... summoned by Natasha
              (12 damage)
             ... on level 2 of the Dungeon.
             The game lasted 00:03:18 (1128 turns).

Hipnos the Digger (Gargoyle Earth Elementalist)     Turns: 1128, Time: 00:03:19

Health: -1/15      AC:  4    Str: 11    XL:     2   Next: 95%
Magic:  5/5        EV: 12    Int: 15    God:
Gold:   61         SH:  0    Dex: 10    Spells: 1 memorised, 4 levels left

rFire  . . .     SeeInvis .     b - 31 stones
rCold  . . .     Gourm    .     a - +0 robe
rNeg   + . .     Faith    .     (no shield)
rPois  ∞         Spirit   .     (no helmet)
rElec  +         Dismiss  .     (no cloak)
rCorr  .         Reflect  .     (no gloves)
SustAt .         Harm     .     (no boots)
MR     .....                    (no amulet)
Stlth  ++........               (no ring)
                                (no ring)

@: slowed, very slow, not resistant to hostile enchantments, unstealthy
A: negative energy resistance 1, electricity resistance, unbreathing,
petrification resistance, rot immunity, AC +2
a: no special abilities


You were on level 2 of the Dungeon.
You were not hungry.

You visited 1 branch of the dungeon, and saw 2 of its levels.

You collected 61 gold pieces.

Inventory:

Hand Weapons
 m - a +0 whip
Missiles
 b - 31 stones (in hand)
Armour
 a - a +0 robe (worn)
Scrolls
 f - a scroll of blinking {unknown}
 h - 3 scrolls of random uselessness {unknown}
 n - 2 scrolls of teleportation {unknown}
 p - a scroll of remove curse {unknown}
 q - a scroll of amnesia {unknown}
 r - a scroll of recharging {unknown}
Potions
 e - a potion of cure mutation {unknown}
 g - a potion of haste {unknown}
 j - a potion of heal wounds {unknown}
 k - a potion of lignification {unknown}
Books
 c - a book of Geomancy

   Spells                             Type                      Level
   a - Sandblast                      Earth                        1
   b - Passwall                       Transmutation/Earth          2
   c - Stone Arrow                    Conjuration/Earth            3
   d - Petrify                        Transmutation/Earth          4
   e - Lee's Rapid Deconstruction     Earth                        5
Comestibles
 d - 4 bread rations
 i - a royal jelly
 l - a chunk of flesh
 o - 3 fruits


   Skills:
 - Level 1.6 Dodging
 - Level 2.3 Stealth
 + Level 2.2 Spellcasting
   Level 0.7 Transmutations
 + Level 4.4 Earth Magic


You had 4 spell levels left.
You knew the following spells:

 Your Spells              Type           Power        Failure   Level  Hunger
a - Sandblast             Erth           ###...       3%          1    #......


Dungeon Overview and Level Annotations

Branches:
Dungeon (2/15)

Altars:
Ashenzari

Annotations:
D:2 Natasha


Innate Abilities, Weirdness & Mutations

You are resistant to torment.
Your stone body is resilient (AC +2).
You are immune to poison.
You resist negative energy.
You are resistant to electric shocks.
You can survive without breathing.
You are immune to petrification.
You are immune to rotting.


Message History

Natasha, Servant of Life and Death comes into view.
Natasha hisses angrily.
Natasha drinks a potion.
Natasha flickers and vanishes!
Deactivating autopickup; reactivate with Ctrl-A.
There is an open door here.
You feel yourself slow down.
A magic dart appears from out of thin air!
The magic dart hits you! Something barely misses you.
Something barely misses you. Something claws you but does no damage.
Something claws you but does no damage.
You hear some strange, mumbled words.
You hear some strange, mumbled words.
The shadow imp hits you but does no damage.
The shadow imp shouts, "Flee, thou hateful kobold-kissing deadneck!"
The shadow imp gestures at you. Pain shoots through your body!
Ouch! That really hurt!
You die...

#####.# ######## #
#.# # #.# #####.#
......# ...##.#
##...<# ⌠#....#
###########
......####>.....@..#
#####......#######5#
# #...#### #.# +
#..## #####.### #
#.## #.5..5..# # #.#
#.###.#.# .#....#
#.# #.#.# ⌠#..#+#
#.###.#.# ##.....#
#.#...#.#


You could see a shadow imp.

Vanquished Creatures
  An adder (D:2)
  A dart slug (D:1)
  A giant gecko (D:1)
  A goblin (D:2)
  A hobgoblin (D:2)
  A quokka (D:2)
  A bat (D:2)
  2 giant newts (D:1)
  4 rats (D:2)
13 creatures vanquished.

Notes
Turn   | Place    | Note
--------------------------------------------------------------
     0 | D:1      | Hipnos the Gargoyle Earth Elementalist began the quest for the Orb.
     0 | D:1      | Reached XP level 1. HP: 10/10 MP: 3/3
   631 | D:2      | Reached skill level 4 in Earth Magic
   631 | D:2      | Reached XP level 2. HP: 15/15 MP: 3/5
   972 | D:2      | Found a shattered altar of Ashenzari.
  1107 | D:2      | Noticed Natasha
  1128 | D:2      | Killed from afar by a shadow imp

Skill      XL: |  1 |
---------------+----+-----
Earth Magic    | 4 |  4.4
Dodging        | |  1.6
Stealth        | |  2.3
Spellcasting   | |  2.2
Transmutations | |  0.7

Action                   || total
-------------------------++-------
 Cast: Sandblast         ||    17
  Eat: Chunk             ||     1
Armor: Robe              ||     5
Dodge: Dodged            ||     4
